Map: [ESL] Oceanborn

Players

Serral - Winner!

  • Race: Zerg Zerg
  • Spawn Location: 11:00

Fjant

  • Race: Zerg Zerg
  • League: Grandmaster
  • Spawn Location: 5:00

Event: HomeStory Cup XXIV

VOD

Have the link to the VOD?

Description

Time

  • Played on: Dec. 1, 2023, 7:19 a.m.
  • Length: 6:38

All games in this series

Show
View Real Time Build Order
Export as new Build Order

Serral Zerg - Winner!

Build Orders: Pool First, Zergling Baneling 

Get SALT Encoding   

  12  0:00  Drone  
  13  0:12  Overlord  
  13  0:17  Drone  
  14  0:30  Drone x2  
  14  0:34  Drone  
  17  0:44  Spawning Pool  
  17  0:47  Drone  
  17  1:07  Hatchery  
  17  1:11  Extractor  
  15  1:12  Drone  
  15  1:16  Drone  
  17  1:30  Drone  
  17  1:31  Queen  
  17  1:32  Zergling x2  
  21  1:38  Overlord  
  21  1:49  Drone  
  22  1:59  Drone  
  23  2:06  Queen  
  25  2:10  Drone  
  25  2:11  Metabolic Boost  
  26  2:19  Drone  
  26  2:22  Drone  
  30  2:30  Drone  
  30  2:36  Overlord  
  31  2:40  Drone, Baneling Nest  
  31  2:41  Drone  
  32  2:45  Zergling x2  
  32  2:49  Drone  
  32  2:50  Zergling x2  
  33  2:57  Hatchery  
  32  3:00  Drone  
  32  3:02  Drone  
  32  3:04  Drone  
  35  3:14  Zergling x2  
  35  3:15  Zergling x8  
  35  3:17  Zergling x2  
  35  3:19  Zergling x2  
  42  3:25  Overlord  
  42  3:28  Drone  
  43  3:36  Baneling x2  
  43  3:39  Baneling x2  
  44  3:41  Drone  
  44  3:43  Queen  
  46  3:48  Drone x2  
  46  3:49  Drone x4  
  52  4:00  Roach Warren  
  52  4:01  Zergling x2, Drone  
  52  4:04  Overlord  
  52  4:08  Extractor  
  52  4:09  Drone x2  
  52  4:11  Drone  
  52  4:12  Drone  
  52  4:14  Baneling  
  52  4:15  Baneling  
  54  4:21  Overlord  
  54  4:22  Zergling x4  
  56  4:28  Baneling x2  
  56  4:30  Drone x3  
  59  4:33  Zergling x4  
  59  4:34  Zergling x2  
  62  4:40  Overlord  
  64  4:45  Roach  
  64  4:46  Roach  
  64  4:52  Roach x4  
  74  5:01  Extractor, Roach x3  
  78  5:08  Drone x2  
  78  5:09  Overlord x2  
  78  5:12  Overlord  
  76  5:29  Roach x4  
  76  5:34  Drone  
  76  5:35  Drone x10  
  95  5:39  Roach  
  97  5:45  Evolution Chamber  
  97  5:49  Roach x2  
  101  5:50  Roach  
  101  5:57  Extractor, Overlord x2  
  101  6:00  Roach  
  101  6:01  Spine Crawler  
  101  6:02  Baneling x2  
  102  6:05  Roach x2  
  102  6:07  Overlord  
  106  6:17  Roach x5  
Show
View Real Time Build Order
Export as new Build Order

Fjant Zerg 

Build Orders: Hatch First 

Get SALT Encoding   

  12  0:00  Drone  
  13  0:10  Drone  
  14  0:16  Overlord  
  14  0:28  Extractor  
  14  0:29  Extractor, Drone x2  
  16  0:49  Hatchery  
  15  0:52  Drone  
  15  0:56  Drone  
  17  0:59  Drone  
  18  1:10  Extractor  
  17  1:14  Spawning Pool  
  16  1:18  Drone  
  16  1:20  Drone  
  18  1:26  Drone  
  19  1:38  Drone  
  20  1:52  Drone  
  21  2:02  Zergling x2, Queen x2  
  21  2:07  Overlord  
  26  2:11  Zergling x2  
  26  2:13  Metabolic Boost  
  27  2:16  Drone  
  28  2:25  Drone x2  
  30  2:33  Drone  
  31  2:38  Drone  
  32  2:45  Drone x2  
  32  2:47  Hatchery  
  33  2:52  Drone  
  33  2:57  Drone  
  35  2:59  Baneling Nest  
  35  3:03  Overlord  
  34  3:07  Drone  
  34  3:11  Drone  
  36  3:20  Queen  
  36  3:24  Zergling x12  
  44  3:35  Overlord  
  44  3:42  Baneling x3  
  44  3:49  Baneling x2  
  44  3:53  Zergling x12  
  51  4:02  Drone x3  
  47  4:05  Evolution Chamber  
  47  4:09  Zergling x2  
  47  4:13  Zergling x4  
  50  4:17  Roach Warren  
  50  4:19  Zergling x2  
  50  4:24  Overlord  
  48  4:29  Drone  
  48  4:32  Drone  
  48  4:33  Drone x2, Overlord  
  51  4:55  Drone  
  51  4:57  Roach x7  
  66  5:02  Roach x2  
  66  5:03  Roach  
  66  5:07  Overlord  
  72  5:12  Overlord  
  72  5:14  Overlord  
  72  5:18  Roach  
  73  5:28  Roach x3  
  67  5:29  Zergling x4  
  67  5:35  Zergling x6  
  72  5:37  Zergling x2  
  73  5:43  Zergling x6  
  76  5:52  Roach  
  76  5:53  Roach  
  82  6:00  Roach  
  82  6:02  Zergling x10  
  87  6:04  Baneling  
  87  6:12  Evolution Chamber  
  87  6:14  Roach  
  87  6:20  Zergling x12  
Tags
 
Add a new tag
Caveats
  • Supply blocks, unpowered buildings, or Contaminate may cause inaccurate times.
  • Supply counts are checked every 10 seconds.